 Dungeon Crawl Stone Soup version 0.30-a0-800-g7c544603b3 (webtiles) character file.

Game seed: 3722038786271653527

180 iguanaiguana the Magician (level 5, -3/31 (35) HPs)
             Began as a Mummy Hedge Wizard on Feb 21, 2023.
             Slain by Crazy Yiuf
             ... wielding a +4 quarterstaff of chaos
              (14 damage)
             ... on level 2 of the Dungeon on Feb 22, 2023.
             The game lasted 00:17:38 (3267 turns).

iguanaiguana the Magician (Mummy Hedge Wizard)      Turns: 3267, Time: 00:17:38

HP:   -3/31 (35)    AC:  2    Str: 14    XL:     5   Next: 33%
MP:   0/11          EV: 12    Int: 26    God:
Gold: 56            SH:  0    Dex: 11    Spells: 2/13 levels left

rFire   . . .      SeeInvis .    m - +4 halberd
rCold   + . .      Faith    +    (shield currently unavailable)
rNeg    + + +      Spirit   +    b - +0 robe
rPois   ∞          Reflect  .    c - +0 hat
rElec   .          Harm     .    (no cloak)
rCorr   +          Rampage  .    (no gloves)
Will    .....                    (no boots)
Stlth   ++                       g - amulet of guardian spirit
HPRegen 0.25/turn                a - +6 ring of intelligence
MPRegen 0.12/turn                j - ring "Wociops" {rPois rF+ rCorr Int+5}

@: heavily drained
A: cold resistance 1, negative energy resistance 3, torment resistance 2, heat
vulnerability 1, in touch with death 1, no potions, faith
a: no special abilities


You were on level 2 of the Dungeon.
You visited 1 branch of the dungeon, and saw 3 of its levels.

You collected 56 gold pieces.

Inventory:

Hand Weapons
 m - a +4 halberd (weapon)
Armour
 b - a +0 robe (worn)
 c - a +0 hat (worn)
Jewellery
 a - a +6 ring of intelligence (left hand)
 g - an amulet of guardian spirit (around neck)
 i - the ring of Ohics {*Slow rElec Will+ Str+4 Int+6}
   (You acquired it on level 3 of the Dungeon)

   [ring of intelligence]

   Str:       It affects your strength (+4).
   Int:       It affects your intelligence (+6).
   rElec:     It insulates you from electricity.
   *Slow:     It may slow you when you take damage.
   Will:      It increases your willpower.
 j - the ring "Wociops" (right hand) {rPois rF+ rCorr Int+5}
   (You acquired it on level 3 of the Dungeon)

   [ring of protection from fire]

   Int:       It affects your intelligence (+5).
   rF:        It protects you from fire.
   rPois:     It protects you from poison.
   rCorr:     It protects you from acid and corrosion.
Wands
 d - a wand of polymorph (8)
Scrolls
 e - a scroll of blinking {unknown}
 h - a scroll of acquirement
 k - a scroll of poison {unknown}
 l - a scroll of enchant armour {unknown}


   Skills:
 - Level 1.5 Dodging
 - Level 3.0 Stealth
 - Level 4.5 Spellcasting
 * Level 1.5 Conjurations
 - Level 1.1 Summonings
 - Level 0.7 Translocations
 - Level 1.7 Air Magic
 - Level 1.7 Poison Magic


You had 2 spell levels left.
You knew the following spells:

 Your Spells              Type           Power      Damage    Failure   Level
a - Magic Dart            Conj           56%        1d5       4%          1
b - Call Imp              Summ           11%        N/A       8%          2
c - Slow                  Hex            20%        N/A       9%          1
d - Mephitic Cloud        Conj/Pois/Air  14%        N/A       12%         3
e - Cigotuvi's Dreadful   Necr/Pois/Air  34%        N/A       8%          2
f - Blink                 Tloc           18%        N/A       9%          2

Your spell library contained the following spells:

 Spells                   Type           Power      Damage    Failure   Level


Dungeon Overview and Level Annotations

Branches:
Dungeon (3/15) Zot: 14754

Altars:

Annotations:
D:2 Crazy Yiuf


Innate Abilities, Weirdness & Mutations

You are immune to poison.
Your flesh is cold resistant. (rC+)
You are immune to negative energy. (rN+++)
You are immune to unholy pain and torment.
You are vulnerable to heat. (rF-)
You are in touch with the powers of death.
You do not drink.
You have a special connection with the divine. (Faith)


Message History

Your crimson imp disappears in a puff of smoke!
Casting: Call Imp (safe; 8% risk of failure)
Confirm with . or Enter, or press ? or * to list all spells.
A beastly little devil appears in a puff of frigid air.
Unknown command.
Crazy Yiuf hits your white imp with a +4 quarterstaff of chaos!
Your white imp's magic leaks into the air.
Casting: Call Imp (safe; 8% risk of failure)
Confirm with . or Enter, or press ? or * to list all spells.
Aiming: Mephitic Cloud (quite dangerous; 12% risk of failure)
Press: ? - help, Shift-Dir - straight line, f/p - Crazy Yiuf
Aim: Crazy Yiuf, wielding a +4 quarterstaff of chaos and wearing a +0 cloak (heavily wounded, ally target, chance to affect: 86%)
You miscast Mephitic Cloud.
You are very lightly contaminated with residual magic.
Nothing appears to happen.
Casting: Mephitic Cloud (quite dangerous; 12% risk of failure)
Confirm with . or Enter, or press ? or * to list all spells.
Aiming: Mephitic Cloud (quite dangerous; 12% risk of failure)
Press: ? - help, Shift-Dir - straight line, f/p - Crazy Yiuf
Aim: Crazy Yiuf, wielding a +4 quarterstaff of chaos and wearing a +0 cloak (heavily wounded, ally target, chance to affect: 86%)
The ball explodes into a vile cloud!
Your white imp is severely wounded.
Crazy Yiuf is heavily wounded.
Crazy Yiuf is engulfed in noxious fumes.
Crazy Yiuf appears confused.
Your white imp falters for a moment.
Crazy Yiuf is engulfed in noxious fumes.
There is an escape hatch in the ceiling here.
No target in view!
No target in view!
Your magical contamination has completely faded away.
You reach to attack!
You barely miss Crazy Yiuf.
Crazy Yiuf is heavily wounded.
You slash Crazy Yiuf!
Crazy Yiuf is almost dead.
Crazy Yiuf hits you with a +4 quarterstaff of chaos!
You convulse!
* * * LOW HITPOINT WARNING * * *
Crazy Yiuf hits you with a +4 quarterstaff of chaos!
You die...

##.##........#..###
#.##.......##....#
#.###...........>.
#.##.......##..(..
#.##.......##.....
#.#...............
#.......).###.....
#.g..#...## ##....
#####@######## ##...
#!...5..<..# #####...
#..........####...#...
#.....................
#..........####......(
############ #...#..!
#...#... #...##..
#...###.


You could see Crazy Yiuf (confused, ally target) and a friendly white imp
(summoned, magic disrupted).

Vanquished Creatures
  Natasha (thrice) (D:2)
  2 gnolls (D:2)
  A dart slug (D:2)
  4 endoplasms
  3 giant cockroaches
  6 hobgoblins
  6 ball pythons
  5 bats
  2 frilled lizards (D:1)
  3 goblins
  9 kobolds
  A rat (D:1)
45 creatures vanquished.

Vanquished Creatures (collateral kills)
  2 adders (D:2)
  2 gnolls (D:2)
  An endoplasm (D:2)
  A rat (D:2)
6 creatures vanquished.

Grand Total: 51 creatures vanquished

Notes
Turn   | Place    | Note
-------+----------+-------------------------------------------
     0 | D:1      | iguanaiguana the Mummy Hedge Wizard began the quest for the
                  | Orb.
     0 | D:1      | Reached XP level 1. HP: 13/13 MP: 5/5
   590 | D:1      | Reached XP level 2. HP: 17/19 MP: 5/7
   793 | D:1      | Learned a level 2 spell: Call Imp
  1363 | D:1      | Reached skill level 1 in Summonings
  1437 | D:1      | Gained mutation: You are in touch with the powers of death.
                  | [Mummy growth]
  1437 | D:1      | Reached XP level 3. HP: 24/24 MP: 6/8
  1583 | D:2      | You fall into a shaft and drop 1 floor!
  1584 | D:3      | Identified 3 scrolls of acquirement
  1584 | D:3      | Acquired the ring of Ohics {*Slow rElec Will+ Str+4 Int+6}
  1586 | D:3      | Acquired the ring "Wociops" {rPois rF+ rCorr Int+5}
  1592 | D:3      | Learned a level 1 spell: Slow
  1595 | D:3      | Learned a level 2 spell: Blink
  1598 | D:3      | Learned a level 2 spell: Cigotuvi's Dreadful Rot
  2062 | D:2      | Noticed Natasha
  2072 | D:2      | Learned a level 3 spell: Mephitic Cloud
  2079 | D:2      | Killed Natasha
  2080 | D:2      | Reached skill level 1 in Air Magic
  2080 | D:2      | Reached skill level 1 in Poison Magic
  2080 | D:2      | Reached XP level 4. HP: 30/30 MP: 3/10
  2187 | D:2      | Found a runed translucent door.
  2188 | D:2      | Noticed Crazy Yiuf
  2437 | D:2      | Noticed Natasha
  2574 | D:2      | Killed Natasha
  2575 | D:2      | Reached XP level 5. HP: 28/35 MP: 5/11
  2582 | D:2      | Noticed Natasha
  2634 | D:2      | Reached skill level 1 in Conjurations
  2829 | D:2      | Killed Natasha
  3267 | D:2      | Slain by Crazy Yiuf

Illustrated notes

Levels and vault maps discovered:
D:1:      nicolae_arrival_washed_ashore, layout_rooms, st_stairs_12
D:2:      layout_rooms, uniq_crazy_yiuf_cottage, uniq_natasha
D:3:      layout_loops_ring, nicolae_hepliaklqana_monster_ancestors

Skill      XL: |  1  2  3  4  5 |
---------------+----------------+-----
Stealth        | 2 3 |  3.0
Summonings     | 1 |  1.1
Air Magic      | 1 |  1.7
Poison Magic   | 1 |  1.7
Conjurations   | 1 |  1.5
Dodging        | |  1.5
Spellcasting   | |  4.5
Translocations | |  0.7

Action                     |  1- 3 |  4- 6 || total
---------------------------+-------+-------++-------
  Melee: Short sword       |    38 |    21 ||    59
         Dagger            |     5 |       ||     5
         Halberd           |       |     6 ||     6
   Cast: Magic Dart        |   102 |    20 ||   122
         Call Imp          |     9 |     9 ||    18
         Mephitic Cloud    |     1 |     6 ||     7
         Cigotuvi's Dreadf |       |     1 ||     1
    Use: Scroll            |     2 |       ||     2
   Stab: Confused          |     1 |     3 ||     4
 Armour: Robe              |    16 |     1 ||    17
  Dodge: Dodged            |    29 |    11 ||    40

Table legend: (Time is in decaauts)
 A = Elapsed time spent in this place.
 B = Non-inter-level travel time spent in this place.
 C = Inter-level travel time spent in this place.
 D = Time resting spent in this place.
 E = Time spent auto-exploring this place.
 F = Levels seen in this place.
 G = Mean time per level.
                   A        B        C        D        E       F      G
               +--------+--------+--------+--------+--------+-----+--------+
         Total |   3244 |   3157 |     87 |    609 |   1621 |   3 | 1081.3 |
       Dungeon |   3244 |   3157 |     87 |    609 |   1621 |   3 | 1081.3 |
               +--------+--------+--------+--------+--------+-----+--------+

Top non-repeatable levels by time:
     D:2: 1653 daAuts
     D:1: 1569 daAuts
     D:3: 21 daAuts
